 Dungeon Crawl Stone Soup version 0.28-a0-1638-g9123634e07 (webtiles) character file.

Game seed: 12645879832656969215

277 lonewolfV2 the Chopper (level 6, -1/49 HPs)
             Began as a Human Berserker on Jan 25, 2022.
             Was a Believer of Trog (penitent).
             Slain by a polar bear (5 damage)
             ... created by the rage of Trog
             ... on level 3 of the Dungeon.
             The game lasted 00:03:34 (3271 turns).

lonewolfV2 the Chopper (Human Berserker)            Turns: 3271, Time: 00:03:34

Health: -1/49      AC:  2    Str: 19    XL:     6   Next: 51%
Magic:  6/6        EV: 13    Int: 13    God:    Trog [*]
Gold:   129        SH:  5    Dex: 13    Spells: 2/5 levels left

rFire   x . .      SeeInvis .   a - +0 hand axe
rCold   + . .      Faith    .   (no shield)
rNeg    . . .      Spirit   .   b - +0 animal skin
rPois   .          Reflect  +   (no helmet)
rElec   .          Harm     .   (no cloak)
rCorr   .          Rampage  .   (no gloves)
Will    .....                   (no boots)
Stlth   ++........              d - amulet of reflection
HPRegen 0.16/turn               f - +6 ring of intelligence
MPRegen 0.10/turn               e - ring of ice

@: no status effects
A: no striking features
a: Renounce Religion


You were on level 3 of the Dungeon.
You worshipped Trog.
Trog was demanding penance.
You visited 1 branch of the dungeon, and saw 3 of its levels.

You collected 129 gold pieces.

Inventory:

Hand Weapons
 a - a +0 hand axe (weapon)
Armour
 b - a +0 animal skin (worn)
Jewellery
 d - an amulet of reflection (around neck)
 e - a ring of ice (right hand)
 f - a +6 ring of intelligence (left hand)
Scrolls
 c - a scroll of identify {unknown}
Potions
 g - 2 potions of heal wounds {unknown}


   Skills:
 + Level 4.4 Fighting
 + Level 4.7 Axes
 + Level 2.0 Armour
 + Level 3.4 Dodging
 + Level 1.0 Stealth
 + Level 1.2 Shields


You had 2 spell levels left.
You knew the following spells:

 Your Spells              Type           Power      Damage    Failure   Level
a - Gell's Gravitas       Tloc           0%         N/A       67%         3

Your spell library contained the following spells:

 Spells                   Type           Power      Damage    Failure   Level
 Lesser Beckoning         Tloc           0%         N/A       67%         3
 Teleport Other           Tloc           0%         N/A       67%         3


Dungeon Overview and Level Annotations

Branches:
Dungeon (3/15)

Altars:
Elyvilon

Shops:
D:2 [[:(


Message History

A hobgoblin is nearby!
Trog sends monsters to punish you. 2 black bears and 4 polar bears come into view.
Okay, then.
Unknown command.
You slash the polar bear!
The polar bear is lightly wounded.
You hit the polar bear. You completely miss the black bear.
You hit the polar bear.
The polar bear is lightly wounded.
You hit the hobgoblin. You hit the black bear.
You hit the polar bear but do no damage.
The black bear bites you. You block the black bear's attack.
The black bear barely misses you.
The polar bear rages.
The hobgoblin misses you. The polar bear closely misses you.
The polar bear claws you. You block the polar bear's attack.
The polar bear closely misses you. The polar bear claws you.
The polar bear closely misses you.
You slash the polar bear!
The polar bear is moderately wounded.
You barely miss the polar bear. You barely miss the hobgoblin.
You hit the black bear.
You hit the polar bear but do no damage.
The polar bear barely misses you. The polar bear misses you.
The polar bear barely misses you. The polar bear completely misses you.
The polar bear claws you. The polar bear closely misses you.
The black bear barely misses you. The black bear claws you!
The black bear barely misses you. The polar bear bites you!
You block the polar bear's attack. The polar bear misses you.
The polar bear closely misses you. You block the polar bear's attack.
The polar bear closely misses you. The black bear bites you.
The black bear claws you.
* * * LOW HITPOINT WARNING * * *
The black bear claws you.
* * * LOW HITPOINT WARNING * * *
The polar bear bites you.
* * * LOW HITPOINT WARNING * * *
The polar bear barely misses you. The polar bear claws you.
You die...

....## #.###..#
...##
#..##..#...#
...#
##.##..#...#
...# #.##..#...#
..##
#.##..#...##
...###
#.###.#....#
.....# #.#
#)#..g.## ..##.#
#.###..hh#..#
..##.#
#..##..h@h#
..##.#
##.##..##h#
..##.# ######.##
h#
.P.P.###≈≈≈##..
..
..#.P##≈≈⌠≈≈##.
#..
≈≈≈≈≈≈≈≈...≈≈#.#
...
........._.⌠≈#..
....
≈≈≈≈≈≈≈≈...≈≈#..
.....
PP#..##≈≈⌠≈≈##


You could see 4 polar bears, 2 black bears and a hobgoblin.

Vanquished Creatures
  Sigmund (D:2)
  An orc priest (D:3)
  3 adders (D:2)
  2 worms (D:2)
  3 orcs (D:3)
  6 ball pythons
  3 bats
  2 endoplasms (D:1)
  2 giant cockroaches
  9 goblins
  6 hobgoblins
  3 jackals (D:1)
  6 kobolds
  A quokka (D:2)
  2 frilled lizards
  6 rats
56 creatures vanquished.

Notes
Turn   | Place    | Note
-------+----------+-------------------------------------------
     0 | D:1      | lonewolfV2 the Human Berserker began the quest for the Orb.
     0 | D:1      | Reached XP level 1. HP: 18/18 MP: 1/1
   443 | D:1      | Reached XP level 2. HP: 19/24 MP: 2/2
   980 | D:1      | Found a faded altar of an unknown god.
  1056 | D:1      | Reached XP level 3. HP: 26/29 MP: 3/3
  1552 | D:2      | Noticed Sigmund
  1563 | D:2      | Killed Sigmund
  1564 | D:2      | Reached XP level 4. HP: 14/37 MP: 4/4
  1564 | D:2      | Reached XP level 5. HP: 16/42 MP: 5/5
  1565 | D:2      | Reached XP level 6. HP: 19/48 MP: 6/6
  2089 | D:2      | Reached skill level 1 in Shields
  2254 | D:2      | Found Licaxtei's Antique Weapon Boutique.
  2257 | D:2      | Reached ** piety under Trog
  2272 | D:2      | Found Qomoir's Book Emporium.
  2414 | D:2      | Found Ymull's Antique Armour Emporium.
  2482 | D:2      | Found Xaiquud's Armour Boutique.
  2978 | D:3      | Was placed under penance by Trog
  2982 | D:3      | Learned a level 3 spell: Gell's Gravitas
  2997 | D:3      | Reached skill level 1 in Stealth
  3168 | D:3      | Found a white marble altar of Elyvilon.
  3269 | D:3      | Noticed a black bear
  3269 | D:3      | Noticed a polar bear
  3269 | D:3      | Noticed a black bear
  3269 | D:3      | Noticed a polar bear
  3269 | D:3      | Noticed a polar bear
  3269 | D:3      | Noticed a polar bear
  3271 | D:3      | Slain by a polar bear

Illustrated notes

Levels and vault maps discovered:
D:1:      ncdulo_lavacross, layout_rooms, basic_ecumenical_altar,
          minmay_tetromino_i4
D:2:      layout_loops_ring, serial_shops, nicolae_shop_crystal, shop, shop,
          nicolae_shop_crystal, uniq_sigmund
D:3:      layout_rooms, vehumet_altar_wand_db, nicolae_elyvilon_temple_path,
          gammafunk_ghost_smash, uniq_crazy_yiuf_cottage

Skill      XL: |  1  2  3  4  5  6 |
---------------+-------------------+-----
Fighting       | 4 |  4.4
Axes           | 4 |  4.7
Dodging        | 3 |  3.4
Shields        | 1 |  1.2
Stealth        | 1 |  1.0
Armour         | |  2.0

Action                   |  1- 3 |  4- 6 || total
-------------------------+-------+-------++-------
Melee: Hand axe          |    83 |   111 ||   194
       Punch             |     2 |     1 ||     3
Invok: Berserk           |     1 |       ||     1
  Use: Scroll            |       |     3 ||     3
       Potion            |       |     1 ||     1
 Stab: Distracted        |       |     1 ||     1
       Sleeping          |       |     1 ||     1
Armor: Animal skin       |    24 |     6 ||    30
Dodge: Dodged            |    82 |    76 ||   158
Block: Other             |    14 |    26 ||    40
       Reflection        |     1 |     1 ||     2

Table legend: (Time is in decaauts)
 A = Elapsed time spent in this place.
 B = Non-inter-level travel time spent in this place.
 C = Inter-level travel time spent in this place.
 D = Time resting spent in this place.
 E = Time spent auto-exploring this place.
 F = Levels seen in this place.
 G = Mean time per level.
                   A        B        C        D        E       F      G
               +--------+--------+--------+--------+--------+-----+--------+
         Total |   3294 |   3255 |     39 |    762 |   2004 |   3 | 1098.0 |
       Dungeon |   3294 |   3255 |     39 |    762 |   2004 |   3 | 1098.0 |
               +--------+--------+--------+--------+--------+-----+--------+

Top non-repeatable levels by time:
     D:1: 1521 daAuts
     D:2: 1462 daAuts
     D:3: 310 daAuts
